[ AOE2 MATCH · #495892613 ]
UnrankedKoreans vs Britons
Player's team · WIN
Rival team · LOSS
[ REPLAY ANALYSIS · EXTRACTED FROM THE RECORDED GAME ]
Feudal
11:22
Castle
15:55
Imperial
40:09
| APM avg | 33.0 |
| APM peak | 70 |
| eAPM avg | 23.9 |
| Villagers / military | 157 / 151 |
Focus
⚔️ 36.5% · 🌾 63.5%
Fire Lancer ×62 · Skirmisher ×39 · Spearman ×32 · Battering Ram ×7 · Iron Pagoda ×4 · Trebuchet (Packed) ×4
Feudal
11:33
Castle
15:05
Imperial
41:36
| APM avg | 113.2 |
| APM peak | 148 |
| eAPM avg | 89.7 |
| Villagers / military | 165 / 134 |
Focus
⚔️ 7.3% · 🌾 92.7%
Scout Cavalry ×56 · Longbowman ×22 · Militia ×14 · Mangonel ×8 · Knight ×7 · Spearman ×7
Match map
Initial resources + every placement click. Lines = walls · curves = elevation contours. ◆ gold · ⬟ stone · ● berries · ✦ relic · ◌ wall gap
Your base· ✓ Closed at 15:55 · 0t walls · 2 gate(s)
Yurrra (qcc ver.)'s base· ✓ Closed at 15:05 · 0t walls · 2 gate(s)
Smoothed initial terrain · ◌ = detected wall gap · hover for details
Inputs per minute
— Loud - - Yurrra (qcc ver.)
Build order — Loud
First 150 of 553 actions detected
| 0:01 | Queue | Villager (Male) |
| 0:01 | Queue | Villager (Male) |
| 0:02 | Build | House |
| 0:04 | Build | House |
| 0:14 | Queue | Villager (Male) |
| 0:14 | Queue | Villager (Male) |
| 0:14 | Queue | Villager (Male) |
| 1:31 | Queue | Villager (Male) |
| 1:31 | Queue | Villager (Male) |
| 2:01 | Queue | Villager (Male) |
| 2:04 | Build | Lumber Camp |
| 2:56 | Queue | Villager (Male) |
| 2:57 | Queue | Villager (Male) |
| 2:57 | Queue | Villager (Male) |
| 3:21 | Queue | Villager (Male) |
| 3:21 | Queue | Villager (Male) |
| 3:28 | Build | House |
| 3:55 | Build | House |
| 4:12 | Queue | Villager (Male) |
| 4:12 | Queue | Villager (Male) |
| 4:32 | Queue | Villager (Male) |
| 4:33 | Queue | Villager (Male) |
| 4:39 | Build | Mill |
| 4:43 | Queue | Villager (Male) |
| 5:44 | Queue | Villager (Male) |
| 5:49 | Queue | Villager (Male) |
| 5:56 | Build | Mining Camp |
| 5:59 | Queue | Villager (Male) |
| 6:28 | Queue | Villager (Male) |
| 7:01 | Queue | Villager (Male) |
| 7:03 | Build | Farm |
| 7:16 | Queue | Villager (Male) |
| 7:32 | Build | Farm |
| 7:34 | Queue | Villager (Male) |
| 7:38 | Build | House |
| 7:44 | Queue | Villager (Male) |
| 8:05 | Queue | Villager (Male) |
| 8:28 | Queue | Villager (Male) |
| 8:57 | Research | Feudal Age |
| 9:25 | Build | Farm |
| 9:57 | Build | Farm |
| 10:16 | Queue | Villager (Male) |
| 10:29 | Build | Barracks |
| 11:08 | Build | Farm |
| 11:22 | Age | Feudal Age |
| 11:28 | Build | Blacksmith |
| 11:32 | Queue | Villager (Male) |
| 11:49 | Queue | Villager (Male) |
| 11:58 | Build | Market |
| 12:18 | Build | House |
| 12:37 | Queue | Villager (Male) |
| 13:15 | Research | Castle Age |
| 13:15 | Research | Castle Age |
| 13:23 | Build | Lumber Camp |
| 13:27 | Build | Barracks |
| 13:54 | Queue | Villager (Male) |
| 14:36 | Research | Double-Bit Axe |
| 14:45 | Build | Farm |
| 15:33 | Build | Mining Camp |
| 15:38 | Research | Scale Mail Armor |
| 15:49 | Queue | Villager (Male) |
| 15:55 | Age | Castle Age |
| 16:00 | Build | Siege Workshop |
| 16:04 | Queue | Fire Lancer |
| 16:04 | Queue | Fire Lancer |
| 16:05 | Research | Squires |
| 16:07 | Queue | Villager (Male) |
| 16:24 | Queue | Spearman |
| 16:33 | Queue | Villager (Male) |
| 16:44 | Queue | Villager (Male) |
| 16:47 | Build | House |
| 16:49 | Queue | Villager (Male) |
| 16:55 | Queue | Battering Ram |
| 16:57 | Queue | Battering Ram |
| 17:03 | Queue | Fire Lancer |
| 17:03 | Queue | Fire Lancer |
| 17:04 | Queue | Fire Lancer |
| 17:11 | Queue | Villager (Male) |
| 17:13 | Build | Farm |
| 17:15 | Build | House |
| 17:19 | Build | House |
| 17:21 | Queue | Villager (Male) |
| 17:25 | Queue | Fire Lancer |
| 17:44 | Queue | Villager (Male) |
| 17:54 | Build | Farm |
| 18:04 | Queue | Fire Lancer |
| 18:11 | Queue | Fire Lancer |
| 18:22 | Queue | Villager (Male) |
| 18:30 | Queue | Fire Lancer |
| 18:31 | Queue | Fire Lancer |
| 18:37 | Build | Barracks |
| 18:42 | Build | Farm |
| 18:45 | Queue | Villager (Male) |
| 18:50 | Queue | Battering Ram |
| 19:05 | Build | Farm |
| 19:10 | Build | Farm |
| 19:14 | Queue | Fire Lancer |
| 19:14 | Queue | Fire Lancer |
| 19:21 | Queue | Fire Lancer |
| 19:22 | Queue | Villager (Male) |
| 19:37 | Build | House |
| 19:42 | Queue | Villager (Male) |
| 19:46 | Research | Gambesons |
| 19:47 | Research | Arson |
| 19:53 | Research | Arson |
| 19:53 | Queue | Fire Lancer |
| 19:53 | Queue | Fire Lancer |
| 19:54 | Queue | Villager (Male) |
| 19:56 | Build | House |
| 19:57 | Build | House |
| 19:59 | Queue | Villager (Male) |
| 20:04 | Queue | Fire Lancer |
| 20:04 | Queue | Fire Lancer |
| 20:05 | Queue | Villager (Male) |
| 20:15 | Build | Farm |
| 20:18 | Build | Farm |
| 20:22 | Build | Farm |
| 20:27 | Queue | Villager (Male) |
| 20:29 | Build | House |
| 20:35 | Queue | Fire Lancer |
| 20:35 | Queue | Fire Lancer |
| 20:55 | Research | Chain Mail Armor |
| 20:55 | Queue | Villager (Male) |
| 21:03 | Build | Mining Camp |
| 21:11 | Queue | Fire Lancer |
| 21:24 | Queue | Fire Lancer |
| 21:26 | Queue | Villager (Male) |
| 21:36 | Queue | Villager (Male) |
| 21:40 | Build | Farm |
| 21:47 | Queue | Fire Lancer |
| 21:48 | Queue | Fire Lancer |
| 21:48 | Queue | Fire Lancer |
| 21:52 | Queue | Battering Ram |
| 21:53 | Queue | Villager (Male) |
| 22:06 | Queue | Villager (Male) |
| 22:13 | Queue | Fire Lancer |
| 22:13 | Queue | Fire Lancer |
| 22:13 | Queue | Fire Lancer |
| 22:14 | Queue | Fire Lancer |
| 22:24 | Queue | Unit 1105 |
| 22:24 | Queue | Unit 1105 |
| 22:29 | Queue | Fire Lancer |
| 22:29 | Queue | Fire Lancer |
| 22:32 | Queue | Villager (Male) |
| 22:44 | Research | Loom |
| 22:45 | Research | Wheelbarrow |
| 22:46 | Queue | Villager (Male) |
| 22:47 | Queue | Villager (Male) |
| 22:48 | Build | House |
| 23:18 | Queue | Fire Lancer |
Build order — Yurrra (qcc ver.)
First 150 of 485 actions detected
| 0:01 | Queue | Villager (Male) |
| 0:01 | Queue | Villager (Male) |
| 0:03 | Build | House |
| 0:07 | Build | House |
| 0:09 | Queue | Villager (Male) |
| 0:09 | Queue | Villager (Male) |
| 0:10 | Queue | Villager (Male) |
| 0:10 | Queue | Villager (Male) |
| 0:37 | Build | House |
| 1:21 | Queue | Villager (Male) |
| 1:21 | Queue | Villager (Male) |
| 1:37 | Build | Lumber Camp |
| 1:59 | Queue | Villager (Male) |
| 1:59 | Queue | Villager (Male) |
| 2:18 | Queue | Villager (Male) |
| 2:18 | Queue | Villager (Male) |
| 2:52 | Queue | Villager (Male) |
| 2:52 | Queue | Villager (Male) |
| 3:17 | Queue | Villager (Male) |
| 3:17 | Queue | Villager (Male) |
| 3:47 | Queue | Villager (Male) |
| 3:47 | Queue | Villager (Male) |
| 4:12 | Queue | Villager (Male) |
| 4:12 | Queue | Villager (Male) |
| 4:12 | Queue | Villager (Male) |
| 4:46 | Build | Mill |
| 4:49 | Queue | Villager (Male) |
| 4:54 | Build | House |
| 4:55 | Build | House |
| 5:38 | Queue | Villager (Male) |
| 5:38 | Queue | Villager (Male) |
| 5:39 | Queue | Villager (Male) |
| 5:39 | Queue | Villager (Male) |
| 5:49 | Build | House |
| 5:57 | Queue | Villager (Male) |
| 5:57 | Queue | Villager (Male) |
| 6:10 | Build | Lumber Camp |
| 6:31 | Queue | Villager (Male) |
| 7:18 | Queue | Villager (Male) |
| 7:19 | Queue | Villager (Male) |
| 8:12 | Build | Mining Camp |
| 8:19 | Queue | Villager (Male) |
| 9:02 | Research | Feudal Age |
| 9:13 | Build | Barracks |
| 9:35 | Build | Farm |
| 9:46 | Build | Farm |
| 9:49 | Build | Farm |
| 10:08 | Queue | Villager (Male) |
| 10:08 | Queue | Villager (Male) |
| 10:32 | Build | Farm |
| 10:43 | Build | Farm |
| 11:33 | Age | Feudal Age |
| 11:38 | Build | Market |
| 11:45 | Build | Stable |
| 12:25 | Research | Castle Age |
| 12:25 | Research | Castle Age |
| 12:40 | Queue | Spearman |
| 12:50 | Build | House |
| 12:50 | Build | House |
| 12:51 | Build | House |
| 12:56 | Queue | Scout Cavalry |
| 13:25 | Build | Farm |
| 13:28 | Research | Double-Bit Axe |
| 13:28 | Research | Double-Bit Axe |
| 14:18 | Queue | Villager (Male) |
| 14:22 | Build | House |
| 14:41 | Queue | Spearman |
| 14:48 | Build | House |
| 14:51 | Queue | Villager (Male) |
| 14:57 | Research | Horse Collar |
| 14:57 | Research | Horse Collar |
| 15:05 | Age | Castle Age |
| 15:09 | Build | Monastery |
| 15:21 | Build | Blacksmith |
| 15:43 | Build | Town Center |
| 15:46 | Queue | Monk |
| 15:52 | Queue | Villager (Male) |
| 15:55 | Queue | Monk |
| 16:04 | Build | Siege Workshop |
| 16:15 | Build | House |
| 16:25 | Build | Farm |
| 16:27 | Queue | Villager (Male) |
| 16:46 | Queue | Monk |
| 17:05 | Build | Lumber Camp |
| 17:13 | Research | Bow Saw |
| 17:13 | Research | Bow Saw |
| 17:49 | Queue | Villager (Male) |
| 18:08 | Queue | Spearman |
| 18:18 | Queue | Mangonel |
| 18:24 | Build | Farm |
| 18:27 | Build | Farm |
| 18:28 | Build | Farm |
| 18:30 | Build | Farm |
| 18:32 | Queue | Villager (Male) |
| 19:00 | Queue | Villager (Male) |
| 19:22 | Queue | Mangonel |
| 19:24 | Queue | Villager (Male) |
| 19:25 | Build | Farm |
| 19:30 | Queue | Villager (Male) |
| 19:34 | Build | Farm |
| 19:53 | Queue | Villager (Male) |
| 19:59 | Build | Farm |
| 20:02 | Build | Farm |
| 20:04 | Build | Farm |
| 20:11 | Build | Mining Camp |
| 20:13 | Queue | Villager (Male) |
| 20:20 | Queue | Battering Ram |
| 20:23 | Queue | Villager (Male) |
| 20:28 | Research | Wheelbarrow |
| 20:29 | Research | Wheelbarrow |
| 20:30 | Queue | Villager (Male) |
| 20:37 | Build | House |
| 20:38 | Build | House |
| 20:40 | Queue | Villager (Male) |
| 21:15 | Queue | Villager (Male) |
| 21:16 | Queue | Villager (Male) |
| 21:40 | Research | Sanctity |
| 21:41 | Queue | Villager (Male) |
| 21:51 | Queue | Villager (Male) |
| 21:52 | Queue | Villager (Male) |
| 21:54 | Queue | Battering Ram |
| 21:54 | Queue | Battering Ram |
| 21:57 | Queue | Villager (Male) |
| 22:00 | Build | House |
| 22:02 | Research | Loom |
| 22:03 | Queue | Villager (Male) |
| 22:08 | Build | Lumber Camp |
| 22:23 | Build | Farm |
| 22:28 | Queue | Villager (Male) |
| 22:32 | Queue | Villager (Male) |
| 22:33 | Queue | Villager (Male) |
| 22:34 | Queue | Villager (Male) |
| 22:51 | Queue | Villager (Male) |
| 22:52 | Queue | Villager (Male) |
| 22:54 | Queue | Villager (Male) |
| 23:10 | Build | Farm |
| 23:12 | Queue | Spearman |
| 23:53 | Build | Siege Workshop |
| 23:59 | Build | House |
| 24:01 | Queue | Villager (Male) |
| 24:07 | Build | Castle |
| 24:10 | Build | House |
| 24:31 | Build | Barracks |
| 24:35 | Research | Fletching |
| 24:35 | Research | Fletching |
| 24:38 | Queue | Scorpion |
| 24:39 | Queue | Scorpion |
| 24:43 | Queue | Villager (Male) |
| 24:47 | Queue | Spearman |
| 24:56 | Research | Man-at-Arms (upgrade) |
Match timeline
| 9:13 | Yurrra (qcc ver.) · first_building Barracks |
| 10:29 | Loud · first_building Barracks |
| 11:22 | Loud · age_up feudal |
| 11:33 | Yurrra (qcc ver.) · age_up feudal |
| 11:45 | Yurrra (qcc ver.) · first_building Stable |
| 12:18 | Yurrra (qcc ver.) · first_market_buy 100 food |
| 15:05 | Yurrra (qcc ver.) · age_up castle |
| 15:09 | Yurrra (qcc ver.) · first_building Monastery |
| 15:55 | Loud · age_up castle |
| 16:00 | Loud · first_building Siege Workshop |
| 16:04 | Yurrra (qcc ver.) · first_building Siege Workshop |
| 20:47 | Loud · first_market_sell 100 stone |
| 20:49 | Loud · first_market_buy 100 food |
| 24:07 | Yurrra (qcc ver.) · first_building Castle |
| 28:39 | Loud · first_building Archery Range |
| 28:59 | Loud · first_building Monastery |
| 31:23 | Yurrra (qcc ver.) · wall_segment Stone Wall x1 |
| 31:33 | Loud · first_building Castle |
| 40:09 | Loud · age_up imperial |
| 41:16 | Yurrra (qcc ver.) · first_building Archery Range |
| 41:36 | Yurrra (qcc ver.) · age_up imperial |
| 42:07 | Yurrra (qcc ver.) · first_market_sell 100 wood |
| 45:28 | Yurrra (qcc ver.) · resign |
[ AI ANALYSIS · 1 CREDIT ]
What really happened in this match?
Wolo.gg analyzes every decision: build order, eco, micro, common mistakes by bracket. Personalized analysis on WhatsApp or Discord in 30 seconds.
Civ guide
Koreans
Perfil
Jugador #4474398